 Dungeon Crawl Stone Soup version 0.31-a0-983-g7b6862f502 (webtiles) character file.

Game seed: 14690438463601744515

89 sokol815 the Poker (level 4, -1/31 HPs)
             Began as an Octopode Monk on Nov 3, 2023.
             Slain by a gnoll
             ... wielding a +0 flail
              (9 damage)
             ... on level 2 of the Dungeon.
             The game lasted 00:02:33 (1360 turns).

sokol815 the Poker (Octopode Monk)                  Turns: 1360, Time: 00:02:34

Health: -1/31      AC:  3    Str: 12    XL:     4   Next: 55%
Magic:  4/4        EV: 14    Int: 12    God:
Gold:   114        SH:  0    Dex: 14    Spells: 3/3 levels left

rFire   . . .        a - +0 spear
rCold   . . .        c - orb {light}
rNeg    . . .        k - +2 hat
rPois   .            (no amulet)
rElec   .            (no ring)
rCorr   .            (no ring)
SInv    .            (no ring)
Will    .....        (no ring)
Stlth   +            (no ring)
HPRegen 0.25/turn    (no ring)
MPRegen 0.09/turn    (no ring)
                     (no ring)

%: no passive effects
@: glowing
A: almost no armour, amphibious, 8 rings, camouflage 1, gelatinous body 1,
(nimble swimmer 1), tentacles
a: no special abilities


You were on level 2 of the Dungeon.
You visited 1 branch of the dungeon, and saw 3 of its levels.

You collected 114 gold pieces.

Inventory:

Hand Weapons
 a - a +0 spear (weapon)
 j - a +1 dagger of freezing
   (You took it off a kobold on level 2 of the Dungeon)
Missiles
 s - 4 stones
Armour
 c - an orb of light (worn)
 k - a +2 hat (worn)
   (You found it on level 2 of the Dungeon)
Scrolls
 f - a scroll of enchant armour {unknown}
 g - a scroll of immolation {unknown}
 h - a scroll of fear {unknown}
 i - a scroll of fog {unknown}
 l - a scroll of identify {unknown}
Potions
 b - a potion of attraction {unknown}
 d - a potion of might {unknown}
 e - 3 potions of curing {unknown}
 m - a potion of degeneration {unknown}
 G - a potion of ambrosia {!q}


   Skills:
 - Level 3.0 Fighting
 + Level 5.2 Polearms
 - Level 3.0 Dodging


You had 3 spell levels left.
You didn't know any spells.
Your spell library was empty.

Dungeon Overview and Level Annotations

Branches:
Dungeon (3/15) Zot: 16650

Altars:


Innate Abilities, Weirdness & Mutations

You cannot wear most types of armour.
You are amphibious.
You can wear up to eight rings at the same time.
Your skin changes colour to match your surroundings (Stealth+).
Your rubbery body absorbs attacks. (AC +1, EV +1)
((You are camouflaged when in or above water. (Stealth+)))
You have tentacles for arms and can constrict up to eight enemies at once.


Message History

No target in view!
Found a stone staircase leading down.
No target in view!
m - a black potion No target in view!
An adder comes into view.
The adder hisses angrily.
You hit the adder. You grab the adder. You constrict the adder.
The adder closely misses you.
You hit the adder. You squeeze the adder.
You constrict the adder, but do no damage.
The adder bites you.
You take 2 damage, and have 29/31 hp.
You hit the adder.
You kill the adder!
Your Polearms skill increases to level 5!
A bat comes into view.
Health restored: 31 A dart slug comes into view.
The bat barely misses you.
You closely miss the bat. Your grab misses the bat.
Your squeeze misses the bat. The bat closely misses you.
You hit the bat. Your grab misses the bat. The bat closely misses you.
The bat barely misses you.
You reach to attack!
You completely miss the bat. The bat barely misses you.
You hit the bat. You grab the bat. You squeeze the bat.
You kill the bat!
The dart slug launches a dart at you. The slug dart misses you.
You reach to attack!
You hit the dart slug but do no damage.
You reach to attack!
You hit the dart slug. You completely miss the dart slug.
You grab the dart slug. You constrict the dart slug.
The dart slug launches a dart at you. The slug dart hits you.
You take 1 damage, and have 30/31 hp.
You hit the dart slug. You constrict the dart slug. You hit the dart slug.
You constrict the dart slug.
You kill the dart slug!
There is a stone staircase leading down here.
You see here an adder corpse.
Found a stone staircase leading up.
Health restored: 31
There is a stone staircase leading up here.
Found an escape hatch in the ceiling.
There is an escape hatch in the ceiling here.
You see here a +0 quarterstaff.
You see here a +0 quarterstaff.
You see here a +0 quarterstaff.
You see here a +0 whip.
Done exploring.
There is a stone staircase leading down here.
You climb downwards.
There is a stone staircase leading up here.
A rat is nearby!
You hit the rat.
You kill the rat!
No target in view! 3 gnolls come into view.
Found a stone staircase leading up.
The gnoll shouts! x3
You hit the gnoll but do no damage. You grab the gnoll.
You constrict the gnoll.
The gnoll escapes!
You hit the gnoll but do no damage. You grab the gnoll. You squeeze the gnoll.
You constrict the gnoll, but do no damage.
The gnoll barely misses you.
You hit the gnoll. You constrict the gnoll. The gnoll hits you with a +3 whip!
You take 9 damage, and have 22/31 hp.
MASSIVE DAMAGE!!
You release your grip on the gnoll.
There is a stone staircase leading up here.
You climb upwards.
There is a stone staircase leading down here.
No target in view!
You start resting.
Health restored: 31 You climb downwards.
The gnoll hits you with a +0 flail!
There is a stone staircase leading up here.
You take 7 damage, and have 24/31 hp.
MASSIVE DAMAGE!!
The gnoll hits you with a +0 flail! The gnoll hits you with a +0 club.
You climb upwards.
There is a stone staircase leading down here.
You take 11 damage, and have 13/31 hp.
MASSIVE DAMAGE!!
The gnoll hits you with a +0 club.
* * * LOW HITPOINT WARNING * * *
You take 6 damage, and have 7/31 hp.
You hit the gnoll. You grab the gnoll. You squeeze the gnoll!
You constrict the gnoll.
The gnoll struggles to escape constriction.
You hit the gnoll.
You kill the gnoll!
You hit the gnoll. You grab the gnoll. You constrict the gnoll.
The gnoll barely misses you.
You hit the gnoll but do no damage. You constrict the gnoll.
The gnoll completely misses you.
You hit the gnoll but do no damage. You constrict the gnoll.
The gnoll hits you with a +0 flail!
You die...

.## #..............# ..#
#..............# ..#
#........[.....# ..#
#..............#
#.############..............#
#...........................#
###....#######...^..........#
#....##.......÷...........#
#....##.......@...........#
###....##......#g############
................>#
###....##......#.#
###....#########.# .##....#
##.###### .##....# #.......#
..#)...# #.......# ..#....#
#.÷.....#


You could see a gnoll.

Vanquished Creatures
  A gnoll (D:2)
  An adder (D:2)
  4 worms (D:2)
  4 dart slugs
  5 endoplasms
  3 giant cockroaches
  6 hobgoblins
  3 jackals (D:1)
  4 kobolds (D:2)
  4 ball pythons
  2 bats
  4 frilled lizards
  3 goblins
  9 rats
53 creatures vanquished.

Notes
Turn   | Place    | Note
-------+----------+-------------------------------------------
     0 | D:1      | sokol815 the Octopode Monk began the quest for the Orb.
     0 | D:1      | Reached XP level 1. HP: 16/16 MP: 1/1
    99 | D:1      | Reached XP level 2. HP: 21/21 MP: 2/2
   211 | D:1      | Found a faded altar of an unknown god.
   281 | D:1      | Reached skill level 4 in Polearms
   333 | D:1      | Reached XP level 3. HP: 26/26 MP: 3/3
   453 | D:1      | You fall into a shaft and drop 1 floor!
   889 | D:2      | Reached XP level 4. HP: 31/31 MP: 4/4
  1087 | D:2      | Reached skill level 5 in Polearms
  1354 | D:2      | HP: 7/31 [gnoll/+0 club (6)]
  1360 | D:2      | Slain by a gnoll

Illustrated notes

Levels and vault maps discovered:
D:1:      ncdulo_lavacross, layout_basic,
          hellmonk_ecumenical_altar_defaced_shrine, minmay_rat_gold_closets
D:2:      layout_basic, minmay_tripent
D:3:      layout_loops_ring, hellmonk_no_cap

Skill      XL: |  1  2  3  4 |
---------------+-------------+-----
Polearms       | 4 5 |  5.2
Fighting       | |  3.0
Dodging        | |  3.0

Action                     |  1- 3 |  4- 6 || total
---------------------------+-------+-------++-------
  Melee: Spear             |    78 |    35 ||   113
         Tentacles         |    12 |     6 ||    18
         Constrict         |    19 |    10 ||    29
         Punch             |       |     1 ||     1
   Stab: Sleeping          |     3 |       ||     3
 Armour: Skin              |     9 |     9 ||    18
  Dodge: Dodged            |    14 |    15 ||    29

Table legend: (Time is in decaauts)
 A = Elapsed time spent in this place.
 B = Non-inter-level travel time spent in this place.
 C = Inter-level travel time spent in this place.
 D = Time resting spent in this place.
 E = Time spent auto-exploring this place.
 F = Levels seen in this place.
 G = Mean time per level.
                   A        B        C        D        E       F      G
               +--------+--------+--------+--------+--------+-----+--------+
         Total |   1348 |   1289 |     59 |     30 |   1012 |   3 |  449.3 |
       Dungeon |   1348 |   1289 |     59 |     30 |   1012 |   3 |  449.3 |
               +--------+--------+--------+--------+--------+-----+--------+

Top non-repeatable levels by time:
     D:2: 705 daAuts
     D:1: 634 daAuts
     D:3: 9 daAuts

Levels and vault maps discovered:
D:1:      ncdulo_lavacross, layout_basic,
          hellmonk_ecumenical_altar_defaced_shrine, minmay_rat_gold_closets
D:2:      layout_basic, minmay_tripent
D:3:      layout_loops_ring, hellmonk_no_cap

Table legend: (Time is in decaauts)
 A = Elapsed time spent in this place.
 B = Non-inter-level travel time spent in this place.
 C = Inter-level travel time spent in this place.
 D = Time resting spent in this place.
 E = Time spent auto-exploring this place.
 F = Levels seen in this place.
 G = Mean time per level.
                   A        B        C        D        E       F      G
               +--------+--------+--------+--------+--------+-----+--------+
         Total |   1348 |   1289 |     59 |     30 |   1012 |   3 |  449.3 |
       Dungeon |   1348 |   1289 |     59 |     30 |   1012 |   3 |  449.3 |
               +--------+--------+--------+--------+--------+-----+--------+

Top non-repeatable levels by time:
     D:2: 705 daAuts
     D:1: 634 daAuts
     D:3: 9 daAuts

Table legend:
 A = Kills in this place as a percentage of kills in the entire game.
 B = Kills by you in this place as a percentage of kills by you in the entire game.
 C = Kills by friends in this place as a percentage of kills by friends in the entire game.
 D = Other kills in this place as a percentage of other kills in the entire game.
 E = Experience gained in this place as a percentage of experience gained in the entire game.
 F = Experience gained in this place divided by the number of levels of this place that you have seen.
                   A       B       C       D       E      F
               +-------+-------+-------+-------+-------+----------------------
         Total | 100.0 | 100.0 |   N/A |   N/A | 100.0 |  42.7
       Dungeon | 100.0 | 100.0 |   N/A |   N/A | 100.0 |  42.7
               +-------+-------+-------+-------+-------+----------------------
